AoeStats
← Malik Bhai

Golden Pit

509294837Analyzed
1v1 RM · 6d ago on Sep 26, 2026· 53m 4s· 2 players
Game mode
Random Map
Map size
Tiny (2 player)
Population
200
Speed
Normal
Resources
Standard
Victory
Conquest
Starting age
Dark Age
Ending age
Imperial Age
RankedLock teamsTeams togetherTeam positionsShared explorationLock speedFull tech treeHidden civsTurbo modeCheats
Victory
Defeat
🇵🇰 Britons · Pakistan
1617
+18
🇨🇳 Varangians · China
1667
-18
Malik Bhai
6:27 Loom
9:35 Feudal Age
10:47 Man-at-Arms
13:01 Double-Bit Axe
13:39 Horse Collar
17:14 Fletching
23:07 Castle Age
21:25 Gold Mining
22:32 Padded Archer Armor
23:14 Crossbowman
23:57 Bodkin Arrow
27:23 Ballistics
36:44 Imperial Age
35:59 Bow Saw
39:03 Bracer
40:04 Leather Archer Armor
40:37 Clinker Construction
43:13 Chemistry
43:50 Heavy Plow
48:43 Elite Longbowman
50:21 Warwolf
LY006
6:05 Loom
8:55 Feudal Age
9:29 Double-Bit Axe
15:52 Fletching
22:05 Castle Age
20:44 Padded Archer Armor
22:09 Crossbowman
22:45 Bodkin Arrow
23:02 Elite Skirmisher
24:12 Leather Archer Armor
24:41 Wheelbarrow
25:53 Bow Saw
26:12 Gold Mining
26:08 Horse Collar
29:22 Ballistics
36:21 Imperial Age
39:30 Bracer
43:06 Scale Barding Armor
43:11 Cavalier
44:28 Chain Barding Armor
45:57 Plate Barding Armor
47:00 Ring Archer Armor
47:00 Light Cavalry
47:51 Bloodlines
47:42 Husbandry
48:44 Forging
48:11 Hussar
Connection lost

Rejoining the realm…

Still unreachable

The connection could not be restored.

Session expired

The server has moved on; the page needs a fresh start.